 Dungeon Crawl Stone Soup version 0.18-a0-1606-gb0fe834 (console) character file.

157791 vogonpoet the Geomancer (level 16, 0/132 HPs)
             Began as a Demigod Earth Elementalist on Mar 19, 2016.
             Slain by an anaconda (7 damage)
             ... on level 1 of the Snake Pit on Mar 21, 2016.
             The game lasted 04:08:13 (38320 turns).

vogonpoet the Geomancer (DgEE)                     Turns: 38320, Time: 04:08:15

Health: 0/132      AC: 15    Str: 13    XL:     16   Next: 58%
Magic:  0/33       EV: 15    Int: 27    God:
Gold:   1929       SH:  0    Dex: 22    Spells: 9 memorised, 2 levels left

rFire  + + .     SeeInvis .     a - staff of earth
rCold  . . .     Gourm    .     m - +3 salamander hide armour {+Rage rF++}
rNeg   . . .     Faith    .     (no shield)
rPois  +         Spirit   .     f - +0 helmet "Ypokla Fayv" {MR++ Dex+6 Stlth-}
rElec  .         Dismiss  .     y - +1 cloak
rCorr  .         Reflect  .     E - +0 pair of gloves
SustAt +         Harm     .     P - +2 pair of boots
MR     +++..                    K - amulet of regeneration
Stlth  +.........               G - ring of wizardry
                                W - ring of poison resistance

@: lethally poisoned (0 -> 0), very slightly contaminated, constricted,
extremely resistant to hostile enchantments, very unstealthy
A: high mp 1, sustain attributes
a: Evoke Berserk Rage


You were on level 1 of the Snake Pit.
You were not hungry.

You visited 4 branches of the dungeon, and saw 25 of its levels.
You also visited: Labyrinth and Bailey.

You collected 2173 gold pieces.
You spent 244 gold pieces at shops.

Inventory:

Hand Weapons
 i - a +0 arbalest
 v - a +0 blowgun
 z - a +1 demon trident of flaming
 A - a +1 glaive of venom
 R - the +5 whip "Killer Bee's Curse" {holy, *Confuse +Fly rElec Int+2}
   (You found it on level 7 of the Dungeon)

   It has been blessed by the Shining One to cause great damage to the undead
   and demons.
   It affects your intelligence (+2).
   It insulates you from electricity.
   It lets you fly.
   It may confuse you when you take damage.
Missiles
 b - 505 stones (quivered)
 j - 323 bolts
 k - 7 curare-tipped needles
Armour
 c - a +1 scale mail of fire resistance
 f - the +0 helmet "Ypokla Fayv" (worn) {MR++ Dex+6 Stlth-}
   (You found it in a labyrinth)

   It affects your dexterity (+6).
   It affects your resistance to hostile enchantments.
   It makes you less stealthy.
 m - the +3 salamander hide armour (worn) {+Rage rF++}
   (You found it in a labyrinth)

   It greatly protects you from fire.
   It lets you go berserk.
 y - a +1 cloak (worn)
 E - a +0 pair of gloves (worn)
 P - a +2 pair of boots (worn)
Magical Staves
 a - an uncursed staff of earth (weapon)
 J - an uncursed staff of power {unknown}
Jewellery
 g - an uncursed ring of protection from fire
 G - a ring of wizardry (right hand)
 K - an amulet of regeneration (around neck)
 M - the ring "Yseipopa" {Fire *Confuse rElec rPois SInv}
   (You took it off a minotaur in a labyrinth)

   [ring of fire]

   It enhances your fire magic, and weakens your ice magic.
   It protects you from fire.
   It makes you vulnerable to cold.
   It insulates you from electricity.
   It protects you from poison.
   It lets you see invisible.
   It may confuse you when you take damage.
 N - an uncursed ring of see invisible
 T - an uncursed ring of protection from cold
 W - a ring of poison resistance (left hand)
Wands
 p - a wand of lightning (2/15)
 C - a wand of teleportation (2/9)
 D - a wand of acid (8/15)
 U - a wand of digging (6/24)
Scrolls
 t - 3 scrolls of magic mapping
 u - a scroll of enchant armour
 w - 5 scrolls of blinking
 B - a scroll of summoning
 I - 10 scrolls of teleportation
 O - 7 scrolls of fog
 S - 3 scrolls of fear
Potions
 d - 2 potions of agility
 e - 3 potions of might
 n - 4 potions of heal wounds
 s - 5 potions of resistance
 x - 8 potions of curing
 F - 2 potions of flight
 X - 3 potions of haste
 Y - 5 potions of brilliance
Books
 Q - a book of Spatial Translocations

   Spells                             Type                      Level
   a - Apportation                    Translocation                1
   b - Blink                          Translocation                2
   c - Shroud of Golubria             Charms/Translocation         2
   d - Portal Projectile              Translocation                3
   e - Teleport Other                 Translocation                3
   f - Passage of Golubria            Translocation                4
Miscellaneous
 h - a box of beasts {used: 1}
 l - a crystal ball of energy
 o - a fan of gales
 q - a sack of spiders
 r - a stone of tremors
 V - a lantern of shadows
Comestibles
 H - 8 meat rations


   Skills:
 - Level 9.0 Fighting
 - Level 0.5(6.5) Polearms
 - Level 10.3 Staves
 - Level 9.1 Armour
 - Level 7.0 Dodging
 - Level 2.0 Stealth
 - Level 8.3 Spellcasting
 + Level 6.2 Conjurations
 - Level 3.2 Charms
 - Level 3.0 Translocations
 - Level 0.8 Transmutations
 - Level 3.3 Fire Magic
 * Level 13.8 Earth Magic
 - Level 11.3 Evocations


You had 2 spell levels left.
You knew the following spells:

 Your Spells              Type           Power        Failure   Level  Hunger
a - Sandblast             Erth           ######       1%          1    None
b - Stone Arrow           Conj/Erth      ######       1%          3    None
c - Petrify               Trmt/Erth      ######..     1%          4    ##.....
d - Lee's Rapid Deconstr  Erth           #######...   1%          5    ####...
e - Bolt of Magma         Conj/Fire/Erth ######....   4%          5    ####...
f - Iron Shot             Conj/Erth      #######...   7%          6    ######.
k - Blink                 Tloc           N/A          1%          2    None
p - Apportation           Tloc           ####......   1%          1    None
r - Repel Missiles        Chrm/Air       #.....       2%          2    None


Dungeon Overview and Level Annotations

Branches:
Dungeon (15/15)            Temple (0/1) D:6            Lair (8/8) D:11
 Shoals (0/4) Lair:5        Snake (1/4) Lair:6        Slime (0/6) Lair:8
    Orc (0/2) D:9          Vaults (0/5) D:13         Depths (1/5) D:15

Shops:
D:8 }*[![   D:9 ?   D:10 }   D:14 (

Portals:
Hell: Lair:8

Annotations:
D:3 Terence
D:7 exclusion: oklob plant


Innate Abilities, Weirdness & Mutations

You have an increased reservoir of magic (+10% MP).
Your attributes are resistant to harm.


Message History

* * * LOW HITPOINT WARNING * * *
The anaconda constricts you.
The naga ritualist casts a spell.
The naga ritualist begins to radiate toxic energy.
A mana viper comes into view.
Drink which item? (? for menu, Esc to quit)
You feel much better.
* * * LOW HITPOINT WARNING * * *
The anaconda bites you!
* * * LOW HITPOINT WARNING * * *
The anaconda constricts you. The anaconda bites you.
* * * LOW HITPOINT WARNING * * *
x2 The anaconda constricts you.
A black mamba comes into view.
Casting: Stone Arrow
Confirm with . or Enter, or press ? or * to list all spells.
Your attempt to break free from the anaconda fails, but you feel that another attempt might succeed.
The black mamba hisses angrily.
You feel sick. The anaconda bites you!
You die...

^##............#.......
..... #
##..8..#######........
##......####.........
##........#.........
##...8.............
##....S.#......... #
##.....'N........ #
###...#S........ #
#.##S##.@......#
#.....#.##...S##
##...S.#######..#
#...##†# #..##...
#..##.S##.......
####.##........#
..###N......#
##.##........# #
#........#.#


You could see an anaconda, a naga ritualist, a mana viper and a black mamba.

Vanquished Creatures
  Roxanne (D:15)
  A fire giant (D:15)
  Aizul (Lair:6)
  A stone giant (Depths:1)
  Nessos (D:14)
  Snorg (Lair:8)
  A minotaur (Lab)
  A vault guard (D:13)
  A hell beast (Lair:8)
  3 catoblepae
  9 hydras
  The ghost of iafm the Grappler, a novice TrEE of Zin (D:8)
  An anaconda (Snake:1)
  4 centaur warriors
  12 death yaks
  A queen ant (Lair:1)
  Urug (Lair:3)
  Sonja (D:10)
  A naga sharpshooter (Snake:1)
  2 shock serpents (Snake:1)
  An unseen horror (D:14)
  6 hill giants
  3 orc knights (Bailey)
  8 wizards
  A mana viper (Snake:1)
  A necromancer (D:13)
  5 oklob plants (Lair:4)
  2 deep elf magi
  3 griffons
  2 manticores
  3 cyclopes
  20 ugly things
  26 elephants
  2 centaur zombies
  8 black mambas
  Psyche (D:8)
  A gargoyle (Lab)
  2 orange demons (Lair:8)
  3 naga magi (Snake:1)
  12 spiny frogs
  A torpor snail (Lair:5)
  A yaktaur (D:13)
  2 rime drakes
  An efreet (D:13)
  7 komodo dragons
  3 ice devils (Lair:8)
  A komodo dragon (shapeshifter) (D:14)
  2 trolls
  A hellwing (Lair:8)
  3 red devils (Lair:8)
  4 polar bears
  2 two-headed ogres
  2 slime creatures (Lair:8)
  A boulder beetle (Lair:5)
  A minotaur skeleton (Lab)
  19 blink frogs
  A wyvern (D:15)
  A spriggan (Lair:5)
  A wraith (D:14)
  4 water elementals
  22 humans
  37 yaks
  6 basilisks
  3 hungry ghosts
  A golden eye (shapeshifter) (D:15)
  A warg (D:9)
  14 hippogriffs
  5 nagas
  A mottled dragon (D:15)
  21 soldier ants
  2 hell hounds (Lair:8)
  16 water moccasins
  10 porcupines
  7 sky beasts
  15 orc warriors
  A black bear (shapeshifter) (D:13)
  A black bear (Lair:5)
  3 ice beasts
  A phantom (D:5)
  2 wasps
  29 wolves
  6 ogres
  6 boggarts
  18 centaurs
  20 crocodiles
  3 big kobolds
  17 giant frogs
  A wyvern zombie (D:14)
  A scorpion (D:5)
  21 killer bees
  5 wights (D:13)
  4 electric eels (D:15)
  6 howler monkeys
  A giant frog zombie (D:5)
  9 crimson imps
  4 hounds
  4 jellies
  4 centaur skeletons
  A giant frog skeleton (D:11)
  11 orc priests
  A gnoll shaman (D:8)
  7 hell rats
  10 iguanas
  11 orc wizards
  24 worker ants
  Natasha (thrice) (D:3)
  A killer bee zombie (D:10)
  31 sheep
  A hound zombie (D:8)
  A hound skeleton (D:11)
  14 gnolls
  A howler monkey skeleton (D:8)
  15 adders
  83 river rats
  2 shadow imps
  3 oozes
  An adder zombie (D:7)
  2 adder skeletons (D:5)
  3 worms (D:2)
  A dart slug (D:1)
  6 giant geckos
  88 orcs
  2 ball pythons
  5 bats
  5 giant cockroaches
  16 goblins
  12 hobgoblins
  12 jackals
  3 quokkas
  A ball python skeleton (D:4)
  5 giant newts
  22 kobolds
  9 rats
  13 fungi
  8 plants
975 creatures vanquished.

Vanquished Creatures (others)
  A vampire (D:14)
  2 bushes
  A fire vortex (Lair:8)
  45 fungi
  20 plants
  20 toadstools (D:7)
89 creatures vanquished.

Grand Total: 1064 creatures vanquished

Notes
Turn   | Place    | Note
--------------------------------------------------------------
     0 | D:1      | vogonpoet the Demigod Earth Elementalist began the quest for the Orb.
     0 | D:1      | Reached XP level 1. HP: 14/14 MP: 5/5
   120 | D:1      | Reached skill level 3 in Earth Magic
   326 | D:1      | Reached XP level 2. HP: 18/20 MP: 4/7
  1189 | D:1      | Reached XP level 3. HP: 18/26 MP: 6/8
  1212 | D:1      | Learned a level 3 spell: Stone Arrow
  1390 | D:2      | Reached skill level 4 in Earth Magic
  1715 | D:2      | Found a deep blue altar of Sif Muna.
  1853 | D:2      | Found a shattered altar of Ashenzari.
  1856 | D:2      | Found an oddly glowing altar of Pakellas.
  1859 | D:2      | Found a radiant altar of Vehumet.
  2022 | D:2      | Reached XP level 4. HP: 27/33 MP: 3/9
  2052 | D:2      | Reached skill level 1 in Conjurations
  3073 | D:3      | Noticed Natasha
  3076 | D:3      | Killed Natasha
  3187 | D:3      | Reached XP level 5. HP: 38/38 MP: 2/11
  3340 | D:3      | Found a bloodstained altar of Trog.
  3341 | D:3      | Found a sacrificial altar of Ru.
  3345 | D:3      | Noticed Natasha
  3352 | D:3      | Killed Natasha
  3352 | D:3      | Reached skill level 5 in Earth Magic
  3510 | D:3      | Noticed Terence
  3613 | D:3      | Noticed Natasha
  3670 | D:3      | Killed Natasha
  4221 | D:4      | Learned a level 5 spell: Lee's Rapid Deconstruction
  4384 | D:4      | Noticed an ogre
  4392 | D:4      | Reached XP level 6. HP: 45/45 MP: 7/13
  4606 | D:4      | Reached skill level 6 in Earth Magic
  5358 | D:4      | Found a shadowy altar of Dithmenos.
  5469 | D:4      | Reached skill level 7 in Earth Magic
  5469 | D:4      | Reached XP level 7. HP: 37/50 MP: 10/14
  5652 | D:5      | Entered Level 5 of the Dungeon
  5652 | D:5      | Found an opulent altar of Gozag.
  5754 | D:5      | Found a burning altar of Makhleb.
  5761 | D:5      | Reached skill level 8 in Earth Magic
  6090 | D:5      | Reached XP level 8. HP: 57/57 MP: 1/15
  6129 | D:5      | Reached skill level 9 in Earth Magic
  6584 | D:6      | Found a staircase to the Ecumenical Temple.
  6908 | D:6      | Reached skill level 10 in Earth Magic
  7862 | D:7      | Reached skill level 11 in Earth Magic
  7863 | D:7      | Reached XP level 9. HP: 57/62 MP: 8/16
  8031 | D:7      | Got a crude whip
  8374 | D:7      | Reached skill level 12 in Earth Magic
  8383 | D:7      | Learned a level 4 spell: Petrify
  8390 | D:7      | Found a blossoming altar of Fedhas.
  8576 | D:7      | Noticed an oklob plant
  8662 | D:8      | Found Qiotz's Antique Armour Boutique.
  8668 | D:8      | Identified the +5 whip "Killer Bee's Curse" {holy, *Confuse +Fly rElec Int+2} (You found it on level 7 of the Dungeon)
  8785 | D:8      | Noticed iafm's ghost (novice TrEE)
  8798 | D:8      | HP: 2/62 [iafm's ghost (24)]
  9052 | D:8      | Bought a pair of runed boots for 81 gold pieces
  9067 | D:8      | Bought an embroidered robe for 12 gold pieces
  9067 | D:8      | Bought a pair of gloves for 81 gold pieces
  9235 | D:8      | Noticed Psyche
  9236 | D:8      | Found a stormy altar of Qazlal.
  9238 | D:8      | Killed Psyche
  9238 | D:8      | Reached skill level 5 in Spellcasting
  9349 | D:8      | Found Ciattize's Distillery.
  9365 | D:8      | Bought a potion of curing for 42 gold pieces
  9473 | D:8      | Found Javeok Hauc's Armour Shoppe.
  9503 | D:8      | Killed iafm's ghost
  9505 | D:8      | Reached XP level 10. HP: 50/69 MP: 20/23
  9833 | D:8      | Found Emocw's General Store.
  9838 | D:8      | Bought 24 stones for 28 gold pieces
  9894 | D:8      | Found Ceasix's Gadget Boutique.
 10185 | D:9      | Reached skill level 1 in Fighting
 10359 | D:9      | Found a staircase to the Orcish Mines.
 10907 | D:9      | Reached skill level 5 in Fighting
 10940 | D:9      | Found a shimmering altar of Xom.
 11074 | D:9      | Found Moleikak's Magic Scroll Shoppe.
 11397 | D:10     | Entered Level 10 of the Dungeon
 11448 | D:10     | Found Patad's Gadget Emporium.
 11618 | D:10     | Noticed a hill giant
 11622 | D:10     | Killed a hill giant
 11709 | D:10     | Noticed Sonja
 11821 | D:10     | Noticed a wizard
 11821 | D:10     | Reached skill level 1 in Evocations
 11834 | D:10     | Killed a wizard
 11965 | D:10     | Noticed a hill giant
 12085 | D:10     | Killed a hill giant
 12375 | D:10     | Killed Sonja
 12375 | D:10     | Reached XP level 11. HP: 89/89 MP: 15/25
 12464 | D:10     | Reached skill level 5 in Evocations
 12468 | D:10     | Noticed a wizard
 12470 | D:10     | Killed a wizard
 12505 | D:10     | Noticed a wizard
 12505 | D:10     | Killed a wizard
 12624 | D:10     | Got a heavily runed plate armour
 12662 | D:10     | Identified the +4 plate armour "Egomi" {Regen+ SInv} (You found it on level 10 of the Dungeon)
 12691 | D:10     | Got an encrusted glaive {venom}
 12693 | D:10     | Identified the +9 glaive of Estehall {venom, rN+++ MR- Str+4 Dex+4} (You took it off a wizard on level 10 of the Dungeon)
 12776 | D:10     | Got an ichor-stained flail
 12777 | D:10     | Identified the +8 flail of Courage {crush, rF+ Dex+4} (You found it on level 10 of the Dungeon)
 13212 | D:11     | Noticed a hill giant
 13215 | D:11     | Killed a hill giant
 13215 | D:11     | Reached skill level 1 in Armour
 13320 | D:11     | Noticed a hill giant
 13325 | D:11     | Killed a hill giant
 13344 | D:11     | Found a staircase to the Lair.
 13564 | D:11     | Reached skill level 1 in Staves
 13945 | D:11     | Upgraded the game from 0.18-a0-1589-g520a787 to 0.18-a0-1593-g7a89b71
 13980 | Lair:1   | Entered Level 1 of the Lair of Beasts
 14198 | Lair:1   | Noticed a queen ant
 14301 | Lair:1   | Killed a queen ant
 14328 | Lair:1   | Reached skill level 5 in Dodging
 14981 | Lair:1   | Reached XP level 12. HP: 96/96 MP: 14/26
 16942 | Lair:3   | Reached skill level 5 in Armour
 17095 | Lair:3   | Noticed Urug
 17101 | Lair:3   | Killed Urug
 17144 | Lair:3   | Noticed a four-headed hydra
 17145 | Lair:3   | Killed a four-headed hydra
 18068 | Lair:3   | Noticed a four-headed hydra
 18084 | Lair:3   | Killed a four-headed hydra
 18604 | Lair:4   | Found a labyrinth entrance.
 18619 | Lab      | Entered a labyrinth
 18923 | Lab      | Reached skill level 13 in Earth Magic
 19092 | Lab      | Noticed a minotaur
 19126 | Lab      | Killed a minotaur
 19129 | Lab      | Got a scintillating bone ring
 19156 | Lab      | Identified the Collected Works on Talismans
 19166 | Lab      | Identified Vehumet's Compendium of Combat Magic
 19173 | Lab      | Got a jewelled helmet
 19184 | Lab      | Identified the cursed +0 helmet "Ypokla Fayv" {MR++ Dex+6 Stlth-} (You found it in a labyrinth)
 19195 | Lab      | Identified the ring "Yseipopa" {Fire *Confuse rElec rPois SInv} (You took it off a minotaur in a labyrinth)
 19472 | Lair:4   | Noticed an eight-headed hydra
 19481 | Lair:4   | Killed an eight-headed hydra
 19974 | Lair:4   | Learned a level 2 spell: Blink
 20358 | Lair:4   | Reached skill level 1 in Translocations
 21548 | Lair:4   | Identified Sif Muna's Disquisition on Transmigration
 21627 | Lair:4   | Reached XP level 13. HP: 102/102 MP: 21/27
 21707 | Lair:5   | Found a staircase to the Shoals.
 23338 | Lair:6   | Learned a level 2 spell: Repel Missiles
 23483 | Lair:6   | Reached skill level 1 in Charms
 23599 | Lair:6   | Found a staircase to the Snake Pit.
 26128 | Lair:6   | Reached skill level 5 in Conjurations
 26198 | Lair:6   | Upgraded the game from 0.18-a0-1593-g7a89b71 to 0.18-a0-1606-gb0fe834
 27494 | Lair:8   | Entered Level 8 of the Lair of Beasts
 27657 | Lair:8   | Reached XP level 14. HP: 93/118 MP: 13/28
 28135 | Lair:7   | Reached skill level 5 in Staves
 28448 | Lair:8   | Noticed Snorg
 28536 | Lair:8   | Found a staircase to the Slime Pits.
 29110 | Lair:8   | Killed Snorg
 31163 | Lair:8   | Found a burning altar of Makhleb.
 31229 | Lair:8   | Found a gateway to Hell.
 31260 | Lair:8   | Identified the Papyrus of Conjuration (You found it on level 8 of the Lair of Beasts)
 32113 | D:13     | Found a flagged portal.
 32209 | Bailey   | Entered a bailey
 32531 | Bailey   | Reached skill level 10 in Staves
 32531 | Bailey   | Reached XP level 15. HP: 124/124 MP: 31/31
 33395 | D:13     | Found a gate to the Vaults.
 33748 | D:13     | Reached XP level 16. HP: 132/132 MP: 23/32
 34491 | D:14     | Found Vueruigo's Weapon Boutique.
 34552 | D:14     | Noticed Nessos
 34561 | D:14     | Killed Nessos
 35033 | D:14     | Reached skill level 10 in Evocations
 35626 | D:15     | Entered Level 15 of the Dungeon
 35739 | D:15     | Found a staircase to the Depths.
 36208 | D:15     | Found Bigruh's Distillery.
 36330 | D:15     | Noticed Roxanne
 36334 | D:15     | Killed Roxanne
 36353 | D:15     | Learned a level 5 spell: Bolt of Magma
 36413 | D:15     | Found a bloodstained altar of Trog.
 36415 | D:15     | Reached skill level 1 in Fire Magic
 37004 | Depths:1 | Entered Level 1 of the Depths
 37073 | D:15     | Learned a level 6 spell: Iron Shot
 37104 | D:15     | Learned a level 1 spell: Apportation
 37434 | Snake:1  | Entered Level 1 of the Snake Pit
 37624 | Snake:1  | Noticed Aizul
 37652 | Lair:6   | Killed Aizul
 38317 | Snake:1  | HP: 6/132 [poisoned by a black mamba]
 38320 | Snake:1  | Slain by an anaconda

Vault maps used:
D:1:      onia_arrival_mini_spirals, serial_curves, eino_curves_01,
          eino_curves_04, hex_intersection
D:2:      lemuel_blue_sif_altar, grunt_temple_overflow_diamond,
          serial_park_tiny_2
D:3:      gammafunk_temple_overflow_pools, kennysheep_generic_room_4,
          uniq_natasha, uniq_terence
D:4:      grunt_dithmenos_smoke_and_mirrors, kennysheep_generic_room_10
D:5:      overflow_temple_1_default, makhleb_heckhound_becter, first_bread,
          amalloy_card_club
D:6:      minmay_temple_entry_purple_smoke
D:7:      tgw_fedhas, grunt_ministairs_10
D:8:      kennysheep_mini_moat, serial_shops, shop, nicolae_shop_crystal, shop,
          nicolae_shop_crystal, shop, grunt_livestock, uniq_psyche
D:9:      kennysheep_mini, david_orc_1_choice, serial_shops, shop_statue
D:10:     minmay_smoke_and_mirrors, serial_shops, shop, uniq_sonja
D:11:     dpeg_oklobed_lair
D:13:     grunt_vaults_entry_tiered, enter_bailey_7
D:14:     serial_shops, shop, uniq_nessos
D:15:     grunt_enter_depths_giant_problem, serial_shops, shop,
          lemuel_centaur_altar, uniq_roxanne
Lair:1:   minivault_29
Lair:3:   uniq_urug
Lair:4:   minmay_lair_oklob_tunnel, lab_entry_generic
Lair:5:   shoals_dummy_entry, grunt_forest_large_clearing_hut
Lair:6:   guppyfry_snake_entry_garden
Lair:8:   evil_forest, minmay_slime_entry_pillars, uniq_snorg
Snake:1:  st_stairs_7, serial_bayou_shore_a, grunt_megastairs_3, uniq_aizul
Depths:1: hourglass_vault, hangedman_abyss_or_decor_jellyfish_corner,
          serial_shops, nicolae_shop_overgrown_old_shop, hell_entry,
          statue_in_the_mist_lemuel, grunt_absolute_annihilation,
          kennysheep_random_hallway
Lab:      nicolae_lab_dead_adventurers, labyrinth_lava_lair,
          nicolae_lab_big_swirl, labyrinth_skeletal_remains,
          nicolae_lab_checkerboard, nicolae_lab_flowing_pool
Bailey:   bailey_polearm_5, bailey

Skill      XL: |  1  2  3  4  5  6  7  8  9 10 11 12 13 14 15 16 |
---------------+-------------------------------------------------+-----
Earth Magic    | 3 4 5 7 8 11 12 13 | 13.8
Conjurations   | 1 6 |  6.2
Spellcasting   | 2 3 6 7 8 |  8.3
Fighting       | 6 9 |  9.0
Evocations     | 4 6 7 8 11 | 11.3
Armour         | 3 6 7 9 |  9.1
Dodging        | 6 7 |  7.0
Staves         | 3 4 10 | 10.3
Translocations | 2 3 |  3.0
Charms         | 3 |  3.2
Stealth        | 2 |  2.0
Fire Magic     | 3 |  3.3
Polearms       | |  0.5
Transmutations | |  0.8

Action                   |  1- 3 |  4- 6 |  7- 9 | 10-12 | 13-15 | 16-18 || total
-------------------------+-------+-------+-------+-------+-------+-------++-------
Melee: Whip              |    79 |       |    34 |       |       |       ||   113
       Club              |     2 |       |       |       |       |       ||     2
       Flail             |       |    41 |       |       |       |       ||    41
       Falchion          |       |     3 |       |       |       |       ||     3
       Halberd           |       |       |    34 |    39 |       |       ||    73
       Hand axe          |       |       |    37 |       |       |       ||    37
       Staff             |       |       |       |   407 |  1016 |   330 ||  1753
       Glaive            |       |       |       |       |       |     3 ||     3
 Fire: Shortbow          |       |       |    25 |       |       |       ||    25
       Arbalest          |       |       |     8 |    47 |       |     5 ||    60
       Blowgun           |       |       |       |     4 |    10 |       ||    14
Throw: Stone             |     2 |     7 |     3 |    11 |    20 |     4 ||    47
 Cast: Sandblast         |    36 |    56 |    66 |    18 |       |       ||   176
       Stone Arrow       |     6 |    41 |    39 |   155 |   224 |    67 ||   532
       Lee's Rapid Decon |       |       |    21 |   108 |   145 |    57 ||   331
       Petrify           |       |       |       |     4 |    12 |     5 ||    21
       Blink             |       |       |       |       |    12 |     3 ||    15
       Repel Missiles    |       |       |       |       |     3 |     2 ||     5
       Bolt of Magma     |       |       |       |       |       |     4 ||     4
Evoke: Wand              |       |     4 |     1 |       |     1 |       ||     6
       Stone of tremors  |       |       |       |     1 |       |       ||     1
       Box of beasts     |       |       |       |       |       |     1 ||     1
       Crystal ball of e |       |       |       |       |       |     1 ||     1
  Use: Scroll            |       |    13 |     7 |    10 |     6 |     2 ||    38
       Potion            |       |       |     1 |     2 |     1 |     2 ||     6
 Stab: Sleeping          |     5 |     3 |       |     3 |       |     2 ||    13
       Paralysed         |       |     3 |       |       |       |       ||     3
       Distracted        |       |       |       |     2 |     1 |     2 ||     5
       Petrified         |       |       |       |       |     1 |       ||     1
  Eat: Chunk             |     4 |    17 |    18 |    55 |    64 |    19 ||   177
       Fruit             |       |       |     1 |     1 |     1 |       ||     3
       Pizza             |       |       |     1 |     2 |     5 |     2 ||    10
       Beef jerky        |       |       |       |     2 |       |     1 ||     3
       Meat ration       |       |       |       |     1 |       |     1 ||     2
